 Dungeon Crawl Stone Soup version 0.24.1-5-g77f818bfca (webtiles) character file.

Game seed: 10095233484407787213, levelgen mode: deterministic

466 Peloso the Covered (level 6, -6/53 HPs)
             Began as a Minotaur Fighter on Apr 23, 2020.
             Mangled by an ogre
             ... wielding a cursed +0 giant spiked club
              (29 damage)
             ... on level 4 of the Dungeon.
             The game lasted 00:06:11 (3007 turns).

Peloso the Covered (Minotaur Fighter)               Turns: 3007, Time: 00:06:11

Health: -6/53      AC:  8    Str: 26    XL:     6   Next: 81%
Magic:  5/5        EV: 13    Int:  5    God:
Gold:   246        SH: 11    Dex: 16    Spells: 5/5 levels left

rFire    . . .     SeeInvis +   a - +0 long sword
rCold    . . .     Gourm    .   c - +0 shield
rNeg     . . .     Faith    .   b - +0 scale mail
rPois    .         Spirit   .   (helmet restricted)
rElec    .         Reflect  .   (no cloak)
rCorr    .         Harm     .   q - +0 pair of gloves
MR       .....                  (no boots)
Stlth    ++........             (no amulet)
HPRegen  0.17/turn              o - ring of see invisible
MPRegen  0.09/turn              l - ring of stealth

@: mighty, agile
A: retaliatory headbutt, horns 2
a: no special abilities


You were on level 4 of the Dungeon.
You were hungry.

You visited 1 branch of the dungeon, and saw 4 of its levels.

You collected 246 gold pieces.

Inventory:

Hand Weapons
 a - a +0 long sword (weapon)
Armour
 b - a +0 scale mail (worn)
 c - a +0 shield (worn)
 q - a +0 pair of gloves (worn)
Jewellery
 h - an uncursed ring of positive energy
 l - a ring of stealth (right hand)
 o - a ring of see invisible (left hand)
Wands
 i - a wand of polymorph (7)
 j - a wand of paralysis (3)
Scrolls
 g - 6 scrolls of identify {unknown}
 k - a scroll of fear {unknown}
 m - 4 scrolls of remove curse {unknown}
 n - a scroll of teleportation {unknown}
 p - a scroll of amnesia {unknown}
Potions
 d - a potion of might
Comestibles
 f - 3 rations


   Skills:
 + Level 4.7 Fighting
 + Level 5.4 Long Blades
 + Level 5.9 Armour
 + Level 1.1 Dodging
 + Level 0.3 Stealth
 + Level 5.0 Shields
 + Level 0.3 Unarmed Combat


You had 5 spell levels left.
You didn't know any spells.
Your spell library was empty.

Dungeon Overview and Level Annotations

Branches:
Dungeon (4/15)
 Temple: D:4-7

Altars:
Ru
Trog
Zin
The Shining One

Shops:
D:2 *


Innate Abilities, Weirdness & Mutations

You reflexively headbutt those who attack you in melee.
You have a pair of horns on your head.


Message History

You block the adder's attack. x2
You slash the adder!
You kill the adder!
You barely miss the ogre. The ogre completely misses you.
You barely miss the ogre. You headbutt the ogre!
The ogre is moderately wounded.
The ogre hits you with a +0 giant club!
You slash the ogre! You headbutt the ogre.
The ogre is severely wounded.
The ogre hits you with a +0 giant club!
You hit the ogre.
The ogre is severely wounded.
The ogre closely misses you. You furiously retaliate!
You headbutt the ogre!
You kill the ogre!
Your Shields skill increases to level 5!
You slash the ogre!
The ogre is heavily wounded.
The ogre hits you with a cursed +0 giant spiked club!!
Ouch! That really hurt!
You die...

### #@# #O#
##.## #
##...#.##..
#..........
#....#.##..
#.#?##.# .
#.#.# # ..
#.#.# ...


You could see an ogre.

Vanquished Creatures
  2 ogres
  A wyvern zombie (D:2)
  2 howler monkeys (D:4)
  A hound (D:4)
  Jessica (D:2)
  5 adders
  2 oozes (D:1)
  A worm (D:3)
  A dart slug (D:1)
  2 leopard geckos (D:1)
  2 giant cockroaches
  3 goblins
  5 hobgoblins
  7 jackals
  7 kobolds
  2 ball pythons
  7 bats
  2 frilled lizards (D:2)
  A quokka skeleton (D:4)
  2 rats
  A plant (D:2)
57 creatures vanquished.

Notes
Turn   | Place    | Note
-------+----------+-------------------------------------------
     0 | D:1      | Peloso the Minotaur Fighter began the quest for the Orb.
     0 | D:1      | Reached XP level 1. HP: 19/19 MP: 0/0
   108 | D:1      | Reached XP level 2. HP: 26/27 MP: 1/1
   180 | D:1      | You fall into a shaft and drop 1 floor!
   228 | D:2      | Noticed Jessica
   233 | D:2      | Found a sacrificial altar of Ru.
   246 | D:2      | Killed Jessica
   246 | D:2      | Reached XP level 3. HP: 17/33 MP: 2/2
   393 | D:2      | Found Zin's Purification Station.
   396 | D:2      | Found a glowing silver altar of Zin.
  1019 | D:2      | Reached XP level 4. HP: 33/41 MP: 3/3
  1210 | D:2      | Found a bloodstained altar of Trog.
  1331 | D:2      | Reached XP level 5. HP: 5/47 MP: 4/4
  2200 | D:3      | Found a glowing golden altar of the Shining One.
  2326 | D:3      | Reached skill level 5 in Armour
  2718 | D:4      | Noticed an ogre
  2721 | D:4      | Noticed an ogre
  2735 | D:4      | Reached XP level 6. HP: 40/53 MP: 5/5
  2746 | D:3      | Reached skill level 5 in Long Blades
  2746 | D:3      | Reached skill level 1 in Dodging
  3006 | D:4      | Reached skill level 5 in Shields
  3007 | D:4      | Mangled by an ogre

Levels and vault maps discovered:
D:1:      eino_arrival_cavern_a, layout_loops_cross, minmay_pentomino_r2
D:2:      wad_lake_hut, layout_basic, lemuel_doored_altar,
          nicolae_overflow_hidden_temple, zin_purify, corexii_corridor_pit,
          uniq_jessica
D:3:      layout_loops_ring, lemuel_round_altar
D:4:      layout_loops_ring, nicolae_gozag_zags_fifth_avenue, kennysheep_mini,
          first_ration, uniq_crazy_yiuf_cottage, uniq_menkaure,
          uniq_blork_the_orc

Skill      XL: |  1  2  3  4  5  6 |
---------------+-------------------+-----
Fighting       | 4 |  4.7
Armour         | 4 5 |  5.9
Shields        | 4 5 |  5.0
Long Blades    | 3 4 5 |  5.4
Dodging        | 1 |  1.1
Stealth        | |  0.3
Unarmed Combat | |  0.3

Action                   |  1- 3 |  4- 6 || total
-------------------------+-------+-------++-------
Melee: Long sword        |    54 |   106 ||   160
       Headbutt          |    10 |    18 ||    28
       Unarmed           |     9 |       ||     9
  Use: Potion            |     3 |     3 ||     6
  Eat: Chunk             |       |     3 ||     3
       Ration            |       |     1 ||     1
Armor: Scale mail        |    39 |    30 ||    69
Dodge: Dodged            |    23 |    34 ||    57
Block: Shield            |    40 |    52 ||    92
       Rpst.: Long sword |    10 |    11 ||    21
